 Dungeon Crawl Stone Soup version 0.31-a0-232-gb1c03b2570 (webtiles) character file.

Game seed: 2733980449074224574

172 qw the Shooter (level 5, -13/45 HPs)
             Began as a Minotaur Hexslinger on July 7, 2023.
             Mangled by an ogre
             ... wielding a +0 giant spiked club
              (29 damage)
             ... on level 4 of the Dungeon.
             The game lasted 00:01:08 (2209 turns).

qw the Shooter (Minotaur Hexslinger)                Turns: 2209, Time: 00:01:08

Health: -13/45     AC:  5    Str: 13    XL:     5   Next: 27%
Magic:  5/5        EV: 11    Int: 10    God:
Gold:   114        SH:  0    Dex: 14    Spells: 5/6 levels left

rFire   . . .        Y - +1 sling
rCold   . . .        (no shield)
rNeg    . . .        e - +0 ring mail
rPois   .            (helmet restricted)
rElec   .            (no cloak)
rCorr   .            (no gloves)
SInv    .            (no boots)
Will    .....        h - amulet of regeneration
Stlth   +            (no ring)
HPRegen 1.07/turn    (no ring)
MPRegen 0.09/turn

%: no passive effects
@: no status effects
A: horns 2, retaliatory headbutt
a: no special abilities


You were on level 4 of the Dungeon.
You visited 1 branch of the dungeon, and saw 4 of its levels.

You collected 114 gold pieces.


Innate Abilities, Weirdness & Mutations

You have a pair of horns on your head.
You reflexively headbutt those who attack you in melee.


   Skills:
 - Level 3.0 Fighting
 + Level 5.3 Ranged Weapons
 - Level 1.0 Armour
 - Level 2.1 Dodging
 - Level 1.0 Spellcasting
 - Level 2.0 Hexes


You had 5 spell levels left.
You knew the following spells:

 Your Spells              Type           Power      Damage    Failure   Level
a - Slow                  Hex            16%        N/A       32%         1

Your spell library contained the following spells:

 Spells                   Type           Power      Damage    Failure   Level
 Inner Flame              Hex/Fire       2%         N/A       82%         3
 Portal Projectile        Hex/Tloc       4%         N/A       82%         3
 Cause Fear               Hex            2%         N/A       97%         4

Inventory:

Hand Weapons
 Y - a +1 sling (weapon)
Armour
 e - a +0 ring mail (worn)
Jewellery
 h - an amulet of regeneration (around neck)
Scrolls
 b - a scroll of identify
 c - a scroll of enchant armour
Potions
 a - a potion of enlightenment
 d - a potion of mutation
 f - a potion of might {unknown}
 g - a potion of heal wounds {unknown}
 i - a potion of curing
 j - a potion of cancellation {unknown}

Dungeon Overview and Level Annotations

Branches:
Dungeon (4/15)
 Temple: D:4-7

Altars:
Dithmenos


Message History

A gnoll comes into view. It is wielding a +0 spear.
The gnoll hits you with a +0 flail.
You shoot a sling bullet. The gnoll shouts!
The sling bullet hits the gnoll.
The gnoll is heavily wounded.
The gnoll misses you.
You shoot a sling bullet.
The sling bullet hits the gnoll but does no damage.
The gnoll is heavily wounded.
The gnoll closely misses you. The gnoll barely misses you.
You shoot a sling bullet. The sling bullet hits the gnoll.
The gnoll is severely wounded.
The gnoll barely misses you. You furiously retaliate!
You headbutt the gnoll, but do no damage.
The gnoll closely misses you.
You shoot a sling bullet. The sling bullet hits the gnoll.
You kill the gnoll!
The gnoll closely misses you. The ogre misses you.
The gnoll hits you but does no damage.
You shoot a sling bullet. The sling bullet hits the ogre.
The ogre is lightly wounded.
The gnoll hits you with a +0 flail!
You shoot a sling bullet. The sling bullet hits the ogre.
The ogre is moderately wounded.
The ogre misses you. You furiously retaliate!
You headbutt the ogre. The gnoll barely misses you.
You shoot a sling bullet. The sling bullet hits the ogre.
The ogre is heavily wounded.
The gnoll misses you.
The gnoll hits you from afar with a +0 spear.
The ogre hits you with a +0 giant spiked club.
You shoot a sling bullet. The sling bullet hits the ogre.
The ogre is severely wounded.
The gnoll hits you from afar with a +0 spear!
The gnoll hits you from afar with a +0 spear.
The gnoll hits you with a +0 flail.
The ogre hits you with a +0 giant spiked club!!
Ouch! That really hurt!
You die...

................
.............#
....).....<..#
...........#####
..........##...#
###......###...#
#.......## #...#
....#....###...##...
..........%.@Og.....
........####.gg#.##.
..##..#.# #...#
#....##.# #.....
#.## #.. #......# #.
### .....### ..####
...


You could see an ogre and 3 gnolls.

Vanquished Creatures
  A gnoll (D:4)
  6 adders
  5 dart slugs
  6 worms
  5 ball pythons
  5 endoplasms
  4 giant cockroaches
  5 goblins
  4 hobgoblins
  10 jackals
  9 kobolds
  5 quokkas
  8 bats
  A frilled lizard (D:1)
  10 rats
84 creatures vanquished.

Notes
Turn   | Place    | Note
-------+----------+-------------------------------------------
     0 | D:1      | qw the Minotaur Hexslinger began the quest for the Orb.
     0 | D:1      | Reached XP level 1. HP: 16/16 MP: 1/1
     0 | D:1      | 0 ||| qw: Version: 0.3-a-46-gb1f654a
     0 | D:1      | 0 ||| qw: Game counter: 2815
     0 | D:1      | 0 ||| qw: Melee chars always use a shield: true
     0 | D:1      | 0 ||| qw: God list: Okawaru
     0 | D:1      | 0 ||| qw: Allow faded altars: false
     0 | D:1      | 0 ||| qw: Do Orc after clearing Dungeon:15 true
     0 | D:1      | 0 ||| qw: Do second Lair branch before Depths: true
     0 | D:1      | 0 ||| qw: Lair rune preference: random
     0 | D:1      | 0 ||| qw: Goals: Normal
     0 | D:1      | 0 ||| PLANNING D:1-11
   224 | D:1      | Reached skill level 3 in Ranged Weapons
   251 | D:1      | Reached XP level 2. HP: 23/23 MP: 2/2
   810 | D:1      | 810 ||| UPGRADING to +0 ring mail.
   820 | D:1      | 820 ||| DROPPING +0 robe.
   821 | D:1      | 821 ||| DROPPING +6 ring of intelligence.
   822 | D:1      | 822 ||| READING scroll labelled IMAIMAAMNASCH.
   823 | D:1      | 823 ||| READING scroll labelled ISCHAOK MENOUTH.
   824 | D:1      | 824 ||| READING scroll labelled JUOMEKKUVEI.
   825 | D:1      | 825 ||| DROPPING scroll of poison.
   903 | D:2      | Reached XP level 3. HP: 29/29 MP: 3/3
  1056 | D:2      | Found a shadowy altar of Dithmenos.
  1066 | D:2      | Reached skill level 4 in Ranged Weapons
  1178 | D:2      | Reached skill level 1 in Armour
  1178 | D:2      | 1178 ||| FLEEEEING.
  1307 | D:2      | 1307 ||| DRINKING 2 viscous red potions.
  1372 | D:2      | Reached XP level 4. HP: 33/36 MP: 4/4
  1531 | D:2      | Found a faded altar of an unknown god.
  1686 | D:2      | 1686 ||| READING scroll labelled FULUCAH QAXIG.
  1686 | D:2      | Identified a scroll of acquirement
  1686 | D:2      | 1686 ||| ACQUIRING amulet of regeneration
  1686 | D:2      | Acquired an amulet of regeneration
  1688 | D:2      | 1688 ||| UPGRADING to amulet of regeneration.
  1693 | D:2      | 1693 ||| DRINKING 2 lumpy puce potions.
  1694 | D:2      | 1694 ||| DROPPING potion of lignification.
  1695 | D:2      | 1695 ||| DROPPING potion of attraction.
  1704 | D:3      | 1704 ||| STAIRDANCE
  1791 | D:3      | Reached skill level 5 in Ranged Weapons
  1924 | D:3      | Reached XP level 5. HP: 42/42 MP: 5/5
  1965 | D:3      | Reached skill level 3 in Fighting
  2163 | D:3      | 2163 ||| READING 4 scrolls labelled ELIOKHL PEKU.
  2164 | D:3      | 2164 ||| READING 2 scrolls labelled XIEJUL POSOU.
  2165 | D:3      | 2165 ||| DRINKING 2 glowing yellow potions.
  2166 | D:3      | 2166 ||| READING 3 scrolls of identify.
  2166 | D:3      | 2166 ||| IDENTIFYING fizzy emerald potion
  2167 | D:3      | 2167 ||| READING 2 scrolls of identify.
  2167 | D:3      | 2167 ||| IDENTIFYING grey potion
  2168 | D:3      | 2168 ||| DROPPING scroll of blinking.
  2198 | D:4      | Noticed an ogre
  2209 | D:4      | Mangled by an ogre

Levels and vault maps discovered:
D:1:      denvon_arrival_waterhouse, layout_basic
D:2:      layout_loops_ring, ebering_ecumenical_altar_rust, basic_altar,
          nrook_loot_triangle, minmay_misc_feat_diagonals, minmay_quantized
D:3:      layout_rooms, kennysheep_generic_room_9
D:4:      layout_rooms, nicolae_dithmenos_through_a_glass_darkly, serial_shops,
          shop

Skill      XL: |  1  2  3  4  5 |
---------------+----------------+-----
Ranged Weapons | 3 4 5 |  5.3
Fighting       | 2 3 |  3.0
Armour         | 1 |  1.0
Dodging        | |  2.1
Spellcasting   | |  1.0
Hexes          | |  2.0

Action                     |  1- 3 |  4- 6 || total
---------------------------+-------+-------++-------
   Fire: Sling             |   130 |   154 ||   284
    Use: Scroll            |     3 |     5 ||     8
         Potion            |     1 |     2 ||     3
 Armour: Robe              |     2 |       ||     2
         Ring mail         |    12 |    30 ||    42
  Dodge: Dodged            |    30 |    41 ||    71

Table legend:
 A = Non-vault XP
 B = Vault XP
 C = Vault XP percentage of total XP
 D = Non-vault monster count
 E = Vault monster count
 F = Vault count percentage of total count
                 A         B        C        D         E       F
            +---------+---------+-------+---------+---------+-------
      Total |     234 |      12 |   4.9 |      79 |       5 |   6.0
            +---------+---------+-------+---------+---------+-------
        D:1 |      40 |       0 |   0.0 |      22 |       0 |   0.0
        D:2 |      83 |       7 |   7.8 |      29 |       4 |  12.1
        D:3 |      89 |       5 |   5.3 |      24 |       1 |   4.0
        D:4 |      22 |       0 |   0.0 |       4 |       0 |   0.0
            +---------+---------+-------+---------+---------+-------
